Unix NetHack Version 5.0.0-0 post-release - last build May 23 2026 06:08:33 (1c0ff79ee797540d5714e4e18072db0edd9e58ae,branch:main).

Game began 2026-05-27 22:14:41, ended 2026-05-28 04:32:30.

IanCurtis, chaotic male elven Wizard

                                                                --------
                                               #################-......|
                                               #------------    |......|
                                              ##|.......$..| $ #.......|
                                               #...........|   #|......|
                                      -----    #|..........|   #--|-----
                                     --...--  ##|...........#  #  #####
                                     - ....-- # ------.-----#  #      ##
                                    |.......|###      #######  #       ####
                                  ##........| ###############  #   -------|---
                               -- # |........##          ##### #   |....[...[|
                               .|## --...*.--       $    #---|-#   |[)[).][[.|
                               .|    --..*--             #-<..|#   |[.[.[)[[[|
                               .|     --|--               |...|#   |[)[[[[[.)|
                               .|       #        ----     |{...#   |[[)[[[[[.|
                               --       ##@######..*|     |..`|    |.[[[[)[+[|
                                                 |..|     ---|-    -----------
                                                 ----        ^
                                                       *

IanCurtis the Thaumaturge  St:9 Dx:11 Co:16 In:20 Wi:10 Ch:11  Chaotic
Dlvl:8  $:3243 HP:0(44) Pw:83(83) AC:8  Xp:6 T:3184  Burdened Blind

Latest messages:
 Wait!  There's something there you can't see!
 It bites!
 It bites again!
 You attack thin air.
 It bites!
 It bites again!
 It bites!
 It bites again!
 It bites!
 It bites again!
 Someone else has entered the Vault.
 "Hello stranger, who are you?" - Croesus
 "Oh, yes, of course.  Sorry to have disturbed you."
 You feel an unseen monster!
 It bites!
 It bites again!
 You try to feel what is lying here on the ground.
 You feel here a gold piece.
 You have a little trouble lifting $ - a gold piece (4927 in total).
 It bites!
 You stop searching.
 It bites again!
 You miss it.
 It bites!
 It bites again!
 It bites!
 It bites again!
 Wait!  There's something there you can't see!
 It hits!
 Your purse feels lighter.
 You feel an unseen monster!
 It bites!
 It bites again!
 It bites!
 It bites again!
 It bites!
 It bites again!
 It bites!
 It bites again!
 It bites!
 It bites again!
 You miss it.
 It bites!
 It bites again!
 You hit it.
 It bites!
 It bites again!
 It bites!
 You die...
 Do you want your possessions identified? [ynq] (y) q

Inventory:
 Coins    ('$')
  $ - 3243 gold pieces
 Amulets  ('"')
  N - an uncursed amulet of guarding
 Weapons  (')')
  a - a blessed +1 quarterstaff (weapon in hands)
 Armor    ('[')
  J - an uncursed +0 cornuthaum (being worn)
  y - an uncursed +0 orcish helm
  L - an uncursed +0 pair of speed boots (being worn)
  b - an uncursed +0 cloak of magic resistance (being worn)
 Comestibles  ('%')
  s - an uncursed cram ration
 Scrolls  ('?')
  q - a cursed scroll of amnesia
  j - 2 uncursed scrolls of create monster
  i - 2 uncursed scrolls of enchant armor
  B - an uncursed scroll of identify
  P - a cursed scroll of light
  C - an uncursed scroll of magic mapping
  o - an uncursed scroll of scare monster
  t - an uncursed scroll of teleportation
 Spellbooks  ('+')
  p - an uncursed spellbook of blank paper
  k - a blessed spellbook of force bolt
  E - an uncursed spellbook of force bolt
  l - an uncursed spellbook of identify
 Potions  ('!')
  g - an uncursed potion of confusion
  h - 5 uncursed potions of healing
  F - a cursed potion of healing
  f - an uncursed potion of water
 Rings    ('=')
  e - an uncursed +1 ring of adornment
  x - an uncursed ring of polymorph control
  u - an uncursed ring of teleportation
 Wands    ('/')
  c - a wand of cancellation (0:5)
  G - a wand of digging (0:8)
  I - a wand of enlightenment (0:13)
  v - a wand of light (0:11)
  D - a wand of magic missile (0:7)
  A - a wand of magic missile (0:3)
  w - a wand of sleep (0:7)
 Tools    ('(')
  n - an uncursed bugle
  m - a magic marker (0:21)
  d - a +0 pick-axe
  r - a cursed tin whistle

IanCurtis the Wizard's attributes:

Background:
 You were a Thaumaturge, a level 6 male elven Wizard.
 You were chaotic, nominally on a mission for Anhur
 who was opposed by Ptah (lawful) and Thoth (neutral).
 You were right-handed.
 You were in the Dungeons of Doom, on level 8.
 You entered the dungeon 3184 turns ago.
 It was nighttime.
 You had 379 experience points, 261 more were needed to attain level 7.

Basics:
 You had 0 out of 44 hit points.
 You had all 83 energy points (spell power).
 Your armor class was 8.
 Your wallet contained 3243 zorkmids.
 Autopickup was off.

Final Characteristics:
 Your strength was 9 (limit:18).
 Your dexterity was 11 (limit:18).
 Your constitution was 16 (limit:16).
 Your intelligence was 20 (limit:20).
 Your wisdom was 10 (limit:20).
 Your charisma was 11 (base:10, limit:18).

Final Status:
 You were temporarily blind.
 You weren't hungry.
 You were burdened; movement was slightly slowed.
 You were wielding a quarterstaff.
 You had basic skill with quarterstaff.

Final Attributes:
 You were piously aligned.
 You were magic-protected.
 You were sleep resistant.
 You were clairvoyant.
 You had infravision.
 You were warded.
 You were very fast.
 You were unlucky.
 You are dead.

Miscellaneous:
 You didn't encounter any bones levels.
 Total elapsed playing time was 38 minutes.

Major events:
 Turn
    1: IanCurtis the chaotic male elven Wizard entered the dungeon
 1102: attained the rank of Conjurer (level 3)
 2764: attained the rank of Thaumaturge (level 6)
 3184: killed by a vampire bat

Spells:
 Name                 Level Category     Fail Retention
 force bolt             1   attack         0%   81%-90%
 identify               3   divination    54%  76%-100%

Skills:
 Fighting Skills
   bare handed combat [Unskilled]
   riding             [Unskilled]
 Weapon Skills
   dagger             [Unskilled]
   knife              [Unskilled]
   axe                [Unskilled]
   short sword        [Unskilled]
   club               [Unskilled]
   mace               [Unskilled]
   quarterstaff       [Basic]
   polearms           [Unskilled]
   spear              [Unskilled]
   trident            [Unskilled]
   sling              [Unskilled]
   dart               [Unskilled]
   shuriken           [Unskilled]
 Spellcasting Skills
   attack spells      [Basic]
   healing spells     [Unskilled]
   divination spells  [Unskilled]
   enchantment spells [Basic]
   clerical spells    [Unskilled]
   escape spells      [Unskilled]
   matter spells      [Unskilled]

Voluntary challenges:
 Character rerolling was not enabled.
 You were an atheist.
 You were illiterate.
 You never genocided any monsters.
 You never polymorphed an object.
 You never changed form.
 You used no wishes.
Achievements:
 You attained the rank of Conjurer.
 You entered a shop.
 You attained the rank of Thaumaturge.

 The Dungeons of Doom: levels 1 to 8
    Level 1:
    Level 2:
       A fountain.
    Level 3: "vault"
    Level 4:
    Level 5:
    Level 6:
    Level 7:
       Some fountains.
    Level 8: "vault" <- You were here.
       An armor shop, a sink.
       Final resting place for
          you, killed by a vampire bat.


Vanquished creatures:
  2 small mimics
  a leprechaun
  a gnome mummy
  a fire ant
  a mountain nymph
  a rock piercer
  a yellow light
  a gnomish wizard
  a dwarf
  a kobold leader
  2 rothes
  a giant bat
  2 werejackals
 an iguana
  3 manes
  a hobgoblin
  9 jackals
  a fox
  2 goblins
  2 sewer rats
  4 grid bugs
  2 lichens
  a kobold zombie
 11 newts
53 creatures vanquished.

No species were genocided or became extinct.

Game over:
                       ----------
                      /          \
                     /    REST    \
                    /      IN      \
                   /     PEACE      \
                  /                  \
                  |    IanCurtis     |
                  |     3243 Au      |
                  |   killed by a    |
                  |   vampire bat    |
                  |                  |
                  |                  |
                  |       2026       |
                 *|     *  *  *      | *
        _________)/\\_//(\/(/\)/\//\/|_)_______

Goodbye IanCurtis the Wizard...

You died in The Dungeons of Doom on dungeon level 8 with 4785 points,
and 3243 pieces of gold, after 3184 moves.
You were level 6 with a maximum of 44 hit points when you died.

